 Dungeon Crawl Stone Soup version 0.30-b1-2-g02819fbbbe (webtiles) character file.

Game seed: 14093213268870503446

4772 snakesoul the Thaumaturge (level 10, -1/60 HPs)
             Began as a Djinni Fire Elementalist on June 5, 2023.
             Was an Initiate of Ashenzari.
             Slain by an orc warrior
             ... wielding a +0 scimitar
              (10 damage)
             ... while petrified by a basilisk
             ... on level 8 of the Dungeon.
             The game lasted 00:15:08 (6943 turns).

snakesoul the Thaumaturge (DjFE)                    Turns: 6943, Time: 00:15:09

Health: -1/60      AC:  3    Str:  7    XL:     10   Next: 75%
Gold:   392        EV:  2    Int: 29    God:    Ashenzari [......] SH:  0 Dex: 14

rFire   + + .        c - staff of earth
rCold   x . .        (no shield)
rNeg    + + +        y - +0 steam dragon scales
rPois   ∞            (no helmet)
rElec   +            x - +0 cloak
rCorr   .            s - +0 pair of gloves
SInv    .            (boots unavailable)
Will    ++...        (no amulet)
Stlth   ++           r - +5 ring of evasion
HPRegen 0.30/turn    v - ring "Share My Awkwardness" {*Corrode Drain rElec Will+ Int+8, Range, Self} (curse)
MPRegen 0.00/turn

%: corrode self (3%), infuse magic (-2 HP)
@: petrified, corroded, flying
A: sickness immunity, fire resistance 2, cold vulnerability 1, float, innate
caster, HP casting, extra vitality 1
a: Renounce Religion, Curse Item, Shatter the Chains


You were on level 8 of the Dungeon.
You worshipped Ashenzari.
Ashenzari was noncommittal.
You visited 2 branches of the dungeon, and saw 9 of its levels.

You collected 392 gold pieces.

Inventory:

Missiles
 C - a throwing net
Armour
 a - a +0 robe
 s - a +0 pair of gloves (worn)
 x - a +0 cloak (worn)
 y - +0 steam dragon scales (worn)
Magical Staves
 c - a staff of earth (weapon)
Jewellery
 r - a +5 ring of evasion (left hand)
 u - a +4 ring of protection
 v - the cursed ring "Share My Awkwardness" (right hand) {*Corrode Drain rElec Will+ Int+8, Range, Self}
   (You found it on level 6 of the Dungeon)

   [ring of willpower]

   Int:       It affects your intelligence (+8).
   rElec:     It insulates you from electricity.
   *Corrode:  It may corrode you when you take damage.
   Drain:     It drains your maximum health when unequipped.
   Will:      It increases your willpower.
   It has a curse which improves the following skills: Ranged Combat: Ranged
   Weapons and Throwing.
   Introspection: Fighting and Spellcasting.
Wands
 m - a wand of digging (4)
 B - a wand of mindburst (16)
Scrolls
 b - 6 scrolls of identify {unknown}
 e - 3 scrolls of noise {unknown}
 f - 7 scrolls of teleportation {unknown}
 i - a scroll of poison {unknown}
 j - a scroll of brand weapon {unknown}
 l - 2 scrolls of blinking {unknown}
 z - a scroll of vulnerability {unknown}
 D - a scroll of fog {unknown}
Potions
 d - 3 potions of haste {unknown}
 g - 4 potions of curing {unknown}
 h - a potion of lignification {unknown}
 k - 4 potions of flight {unknown}
 n - 3 potions of might {unknown}
 o - 2 potions of attraction {unknown}
 p - a potion of invisibility {unknown}
 q - 3 potions of heal wounds {unknown}
 t - a potion of mutation {unknown}
 w - a potion of ambrosia {unknown}
 A - a potion of magic {unknown}
 E - a potion of cancellation {unknown}


   Skills:
 - Level 2.1 Dodging
 - Level 1.5 Stealth
 + Level 11.9(12.2) Spellcasting


You knew the following spells:

 Your Spells              Type           Power      Damage    Failure   Level
a - Foxfire               Conj/Fire      100%       2x1d9     1%          1
b - Scorch                Fire           100%       2d9       1%          2
c - Volatile Blastmotes   Fire/Tloc      100%       2d18      1%          3
d - Inner Flame           Hex/Fire       73%        N/A       1%          3
e - Flame Wave            Conj/Fire      73%        2d16      1%          4
f - Necrotise             Necr           100%       1d9       1%          1
g - Call Imp              Summ           100%       N/A       1%          2
h - Stone Arrow           Conj/Erth      100%       3d13      1%          3
i - Gell's Gravitas       Tloc           73%        N/A       1%          3
Your spell library was empty.

Dungeon Overview and Level Annotations

Branches:
Dungeon (8/15)             Temple (1/1) D:5
   Lair: D:8-11

Altars:
Ashenzari
Cheibriados
Dithmenos
Elyvilon
Fedhas
Gozag
Hepliaklqana
Nemelex Xobeh
Okawaru
Qazlal
Ru
Trog
Wu Jian
Yredelemnul
Zin
The Shining One


Innate Abilities, Weirdness & Mutations

You are immune to sickness and miasma.
You are immune to poison.
Your flesh is very heat resistant. (rF++)
You are vulnerable to cold. (rC-)
You float through the air rather than walking.
You learn spells naturally, not from books.
Your magical power is your life essence.
You have superior vitality. (+4 MHP)


Message History

You fly downwards.
The wyvern completely misses you. The water moccasin closely misses you.
The centaur shoots an arrow.
The arrow hits you.
The wyvern bites you but does no damage.
An orc wizard comes into view. It is wielding a +0 dagger.
A wight comes into view.
It is wielding a +4 halberd of freezing.
The basilisk gazes at you.
You are slowing down.
The orc warrior hits you with a +0 scimitar.
The water moccasin closely misses you.
The centaur shoots an arrow.
The arrow hits you.
There is a stone staircase leading up here.
The wyvern misses you. The water moccasin barely misses you.
The centaur shoots an arrow.
The arrow hits you.
Your corrosive artefact corrodes you!
The orc wizard casts a spell.
The orc wizard flickers and vanishes!
Deactivating autopickup; reactivate with Ctrl-A.
The wyvern bites you! The basilisk gazes at you.
You resist with almost no effort.
The orc warrior hits you with a +0 scimitar!
The centaur shoots an arrow.
The arrow hits you! The water moccasin bites you. The basilisk gazes at you.
You resist with almost no effort.
The orc warrior hits you with a +0 scimitar!
The wyvern bites you!
* * * LOW HITPOINT WARNING * * *
You have turned to stone.
You stop ascending the stairs.
A two-headed ogre comes into view.
It is wielding a +0 giant spiked club and a +0 great mace.
The centaur shoots an arrow.
The arrow hits you.
* * * LOW HITPOINT WARNING * * *
The water moccasin bites you.
* * * LOW HITPOINT WARNING * * *
The wyvern bites you!
* * * LOW HITPOINT WARNING * * *
The basilisk gazes at you. You resist with almost no effort.
The orc warrior hits you with a +0 scimitar!!
You die...

..........#............#
.............##........#
............##.........#
.........#..#..#.......#
.##....#......##.......#.
#..##........##......O..
#.# #..........#.#..c.#.
.. #.......##o.S..#..#
#.......###@..##..#
#........l†.l.....#
##........zl......#
###.....<.##.##..#
#.###...# .# ..# . z...#
.. .# ....z# ..# .....P.
.. ...P....


You could see a two-headed ogre, 2 basilisks, an orc warrior, a water moccasin,
a wyvern, a centaur and 3 wights.

Vanquished Creatures
  Pikel (D:7)
  Maggie (D:7)
  12 yaks
  2 wyverns (D:8)
  Menkaure (D:7)
  4 water moccasins
  2 ice beasts (D:6)
  A sky beast (D:7)
  2 ogres
  4 lemures (D:7)
  3 bullfrogs
  A gnoll sergeant (D:7)
  2 scorpions
  3 wights (D:6)
  5 killer bees (D:7)
  2 howler monkeys (D:7)
  An orc priest (D:5)
  A gnoll bouda (D:7)
  2 iguanas (D:4)
  An orc wizard (D:5)
  An adder (D:2)
  6 gnolls (D:7)
  2 ufetubi (D:7)
  2 worms (D:4)
  2 dart slugs (D:3)
  7 orcs
  6 ball pythons
  6 endoplasms
  A giant cockroach (D:1)
  6 goblins
  3 hobgoblins (D:1)
  7 kobolds
  A quokka (D:5)
  3 bats
  6 frilled lizards (D:2)
  7 rats
117 creatures vanquished.

Vanquished Creatures (collateral kills)
  8 foxfires (D:1)
8 creatures vanquished.

Vanquished Creatures (others)
  348 foxfires
  A fungus (D:8)
  3 plants
352 creatures vanquished.

Grand Total: 477 creatures vanquished

Notes
Turn   | Place    | Note
-------+----------+-------------------------------------------
     0 | D:1      | snakesoul the Djinni Fire Elementalist began the quest for
                  | the Orb.
     0 | D:1      | snakesoul set off with the following spells memorised:
                  | Foxfire, Scorch, Volatile Blastmotes, Inner Flame, Flame
                  | Wave.
     0 | D:1      | Reached XP level 1. HP: 15/15 MP: 0/0
   110 | D:1      | Reached XP level 2. HP: 19/21 MP: 0/0
   347 | D:1      | Reached skill level 3 in Spellcasting
   473 | D:1      | Found a faded altar of an unknown god.
   672 | D:2      | Reached XP level 3. HP: 23/25 MP: 0/0
   672 | D:2      | Learned a level 1 spell: Necrotise
  1599 | D:3      | Reached XP level 4. HP: 28/31 MP: 0/0
  1683 | D:3      | Noticed a scorpion
  1686 | D:3      | Killed a scorpion
  1687 | D:3      | Reached skill level 4 in Spellcasting
  1687 | D:3      | Reached XP level 5. HP: 25/35 MP: 0/0
  1687 | D:3      | Learned a level 2 spell: Call Imp
  2208 | D:4      | Noticed an ogre
  2213 | D:4      | Killed an ogre
  2214 | D:4      | Reached XP level 6. HP: 35/40 MP: 0/0
  2340 | D:4      | Reached skill level 5 in Spellcasting
  2717 | D:4      | You are sucked into a shaft and drop 1 floor!
  2717 | D:5      | Entered Level 5 of the Dungeon
  2933 | D:5      | Found a staircase to the Ecumenical Temple.
  2939 | Temple   | Entered the Ecumenical Temple
  2939 | Temple   | Found a transporter.
  2939 | Temple   | Found a transporter.
  2941 | Temple   | Found a transporter.
  2941 | Temple   | Found a transporter.
  2991 | Temple   | Became a worshipper of Ashenzari the Shackled
  3919 | D:6      | Noticed an ogre
  3931 | D:6      | Killed an ogre
  3932 | D:6      | Reached XP level 7. HP: 38/45 MP: 0/0
  3932 | D:6      | Learned a level 3 spell: Stone Arrow
  4001 | D:6      | Reached skill level 6 in Spellcasting
  4087 | D:6      | Identified the ring "Vopraka" {*Corrode Drain rElec Will+
                  | Int+8}
  4130 | D:6      | Noticed a yak
  4135 | D:6      | Noticed a yak
  4135 | D:6      | Noticed a yak
  4141 | D:6      | Killed a yak
  4156 | D:6      | Killed a yak
  4157 | D:6      | Reached skill level 7 in Spellcasting
  4157 | D:6      | Reached XP level 8. HP: 13/50 MP: 0/0
  4160 | D:6      | Killed a yak
  4811 | D:6      | Reached skill level 8 in Spellcasting
  5130 | D:7      | Reached XP level 9. HP: 50/55 MP: 0/0
  5130 | D:7      | Learned a level 3 spell: Gell's Gravitas
  5216 | D:7      | Noticed Maggie
  5232 | D:7      | Killed Maggie
  5233 | D:7      | Reached skill level 9 in Spellcasting
  5887 | D:7      | Noticed Pikel
  5903 | D:7      | Killed Pikel
  5904 | D:7      | Reached skill level 10 in Spellcasting
  6284 | D:7      | Noticed Menkaure
  6288 | D:7      | Killed Menkaure
  6289 | D:7      | Reached XP level 10. HP: 57/60 MP: 0/0
  6542 | D:8      | Reached skill level 11 in Spellcasting
  6943 | D:8      | Noticed a two-headed ogre
  6943 | D:8      | Slain by an orc warrior

Illustrated notes

Levels and vault maps discovered:
D:1:      minmay_arrival_solitary_statue, layout_rooms,
          shapermc_ecumenical_altar_hornbeckon, serial_park_tiny_1
D:2:      layout_basic, minmay_lizard_pond
D:3:      layout_basic
D:4:      layout_gridville
D:5:      layout_layer_cave, minmay_temple_entry_fiery
D:6:      layout_loops_cross
D:7:      layout_cave_pods, chequers_serial_rivers_room_b, uniq_maggie,
          uniq_pikel, uniq_menkaure
D:8:      minmay_recursive_quarters, layout_rooms, minmay_lair_entry_grove,
          blue_anna_alchemist
Temple:   hellmonk_temple_divided_pantheon

Skill      XL: |  1  2  3  4  5  6  7  8  9 10 |
---------------+-------------------------------+-----
Spellcasting   | 3 4 5 7 8 10 11 | 11.9
Dodging        | |  2.1
Stealth        | |  1.5

Action                     |  1- 3 |  4- 6 |  7- 9 | 10-12 || total
---------------------------+-------+-------+-------+-------++-------
   Cast: Foxfire           |    99 |    65 |    30 |    16 ||   210
         Scorch            |     3 |    11 |    17 |     8 ||    39
         Necrotise         |       |     2 |       |       ||     2
         Volatile Blastmot |       |     3 |    53 |     5 ||    61
         Call Imp          |       |       |     1 |       ||     1
         Gell's Gravitas   |       |       |     3 |       ||     3
         Flame Wave        |       |       |       |     5 ||     5
 Invoke: Curse Item        |       |       |     1 |       ||     1
 Armour: Steam dragon scal |       |       |       |     6 ||     6
  Dodge: Dodged            |     2 |     3 |    22 |    25 ||    52
